 Dungeon Crawl Stone Soup version 0.30-a0-743-gbfdf073431 (webtiles) character file.

Game seed: 8087911162977933722

93783 oldriver the Fighter (level 17, -6/149 HPs)
             Began as a Meteoran Earth Elementalist on Feb 7, 2023.
             Was a High Priest of Okawaru.
             Mangled by a quicksilver dragon (8 damage)
             ... on level 4 of the Snake Pit.
             The game lasted 01:09:07 (11544 turns).

oldriver the Fighter (Meteoran Earth Elementalist) Turns: 11544, Time: 01:09:08

Health: -6/149     AC: 25    Str: 23    XL:     17   Next: 13%
Magic:  2/44       EV: 20    Int: 28    God:    Okawaru [*****.]
Gold:   496        SH: 13    Dex: 15    Spells: 23/42 levels left

rFire   + . .      SeeInvis .    T - +2 whip of the Omega Point {spect, Fragile rElec rPois rCorr}
rCold   + + .      Faith    .    q - +0 kite shield {AC+3}
rNeg    . . .      Spirit   .    w - +3 leather armour "Qerup" {Fly rCorr Int+5}
rPois   +          Reflect  .    L - +2 helmet
rElec   +          Harm     .    R - +1 cloak of Hahocs {rC++ Will+ Str+6}
rCorr   +          Rampage  .    E - +2 pair of gloves "Hanau" {rF+ Will+ Stlth+}
Will    ++++.                    O - +2 pair of boots
Stlth   ++                       (no amulet)
HPRegen 0.44/turn                c - ring of Nudi Kye {MP+9 Str+5}
MPRegen 0.29/turn                W - ring of poison resistance

@: about to teleport, heroic, finesse-ful, flying, glowing
A: sense surroundings 2, otherworldly, glowing, explore regen
a: Renounce Religion, Heroism, Finesse, Duel


You were on level 4 of the Snake Pit.
You worshipped Okawaru.
Okawaru was extremely pleased with you.
You visited 4 branches of the dungeon, and saw 21 of its levels.
You also visited: Ossuary, Ice Cave and Volcano.

You collected 1217 gold pieces.
You spent 721 gold pieces at shops.

Inventory:

Hand Weapons
 b - the +7 dagger "Ataakew" {distort, Str+4}
   (You took it off a naga mage on level 3 of the Snake Pit)

   Str:       It affects your strength (+4).
 s - the +3 mace of Jumivow {vamp, rF++ rN+ Dex+2 Stlth-}
   (You found it on level 3 of the Snake Pit)

   Dex:       It affects your dexterity (+2).
   rF:        It greatly protects you from fire.
   rN:        It protects you from negative energy.
   Stlth:     It makes you less stealthy.
 u - the +9 flail of the Lurker {spect, rElec}
   (You found it on level 4 of the Dungeon)

   rElec:     It insulates you from electricity.
 T - the +2 whip of the Omega Point (weapon) {spect, Fragile rElec rPois rCorr}
   (You found it in a volcano)

   rElec:     It insulates you from electricity.
   rPois:     It protects you from poison.
   rCorr:     It protects you from acid and corrosion.
   Fragile:   It will be destroyed if unequipped.
Missiles
 j - 11 atropa-tipped darts
Armour
 q - a +0 kite shield of protection (worn)
 w - the +3 leather armour "Qerup" (worn) {Fly rCorr Int+5}
   (You found it on level 5 of the Dungeon)

   Int:       It affects your intelligence (+5).
   Fly:       It grants you flight.
   rCorr:     It protects you from acid and corrosion.
 E - the +2 pair of gloves "Hanau" (worn) {rF+ Will+ Stlth+}
   (Okawaru gifted it to you on level 2 of the Snake Pit)

   rF:        It protects you from fire.
   Will:      It increases your willpower.
   Stlth:     It makes you more stealthy.
 L - a +2 helmet (worn)
 O - a +2 pair of boots (worn)
 R - the +1 cloak of Hahocs (worn) {rC++ Will+ Str+6}
   (You acquired it on level 2 of the Lair of Beasts)

   Str:       It affects your strength (+6).
   rC:        It greatly protects you from cold.
   Will:      It increases your willpower.
 U - a +0 buckler of fire resistance
 X - the +5 chain mail "Qiozojaq" {rPois rF+}
   (Okawaru gifted it to you on level 4 of the Lair of Beasts)

   rF:        It protects you from fire.
   rPois:     It protects you from poison.
Magical Staves
 A - a staff of conjuration
Jewellery
 c - the ring of Nudi Kye (left hand) {MP+9 Str+5}
   (You found it on level 1 of the Snake Pit)

   [ring of magical power]

   Str:       It affects your strength (+5).
   MP:        It affects your magic capacity (+9).
 F - a ring of fire
 N - the amulet of Elemental Vulnerability {rPois rF-- rC-- AC+8}
   (You found it on level 10 of the Dungeon)

   [amulet of nothing]

   AC:        It affects your AC (+8).
   rF:        It makes you very vulnerable to fire.
   rC:        It makes you very vulnerable to cold.
   rPois:     It protects you from poison.
 W - a ring of poison resistance (right hand)
Wands
 v - a wand of flame (21)
 H - a wand of polymorph (4)
Scrolls
 a - a scroll of brand weapon
 d - 2 scrolls of enchant armour
 e - 7 scrolls of amnesia
 h - 5 scrolls of poison
 m - 3 scrolls of enchant weapon
 o - 2 scrolls of identify
 r - 3 scrolls of fog
 y - 4 scrolls of magic mapping
 C - a scroll of noise {unknown}
 D - a scroll of blinking
 G - 2 scrolls of teleportation
 M - 5 scrolls of immolation
 V - 3 scrolls of vulnerability
Potions
 f - 4 potions of might
 g - 2 potions of heal wounds
 i - 3 potions of attraction
 k - 6 potions of curing
 l - 4 potions of brilliance
 n - a potion of resistance
 p - 3 potions of mutation
 t - 4 potions of haste
 z - 6 potions of lignification
 J - 3 potions of cancellation
 K - 3 potions of flight
 P - a potion of ambrosia
 Q - 2 potions of berserk rage


   Skills:
 - Level 13.1(18.1) Fighting
 - Level 12.0(17.0) Maces & Flails
 - Level 11.0(16.0) Armour
 - Level 13.0(18.0) Dodging
 - Level 1.4(6.4) Stealth
 + Level 9.7(14.7) Shields
 - Level 13.0 Spellcasting
 - Level 9.0 Conjurations
 - Level 5.0 Hexes
 + Level 8.6 Transmutations
 - Level 11.0 Earth Magic
 - Level 7.0 Invocations


You had 23 spell levels left.
You knew the following spells:

 Your Spells              Type           Power      Damage    Failure   Level
a - Sandblast             Erth           100%       2d20      1%          1
b - Passwall              Tmut/Erth      54%        N/A       1%          2
c - Stone Arrow           Conj/Erth      100%       3d13      1%          3
d - Petrify               Tmut/Erth      65%        N/A       1%          4
x - Iskenderun's Mystic   Conj/Tloc      43%        2d10      9%          4
y - Yara's Violent Unrav  Hex/Tmut       27%        3d12      10%         5

Your spell library contained the following spells:

 Spells                   Type           Power      Damage    Failure   Level
 Slow                     Hex            100%       N/A       1%          1
 Wereblood                Tmut           61%        N/A       1%          2
 Confusing Touch          Hex            46%        N/A       2%          3
 Ensorcelled Hibernation  Hex/Ice        64%        N/A       3%          2
 Spider Form              Tmut/Pois      42%        N/A       3%          3
 Scorch                   Fire           36%        2d7       9%          2
 Sublimation of Blood     Necr           18%        N/A       9%          2
 Flame Wave               Conj/Fire      43%        2d11      9%          4
 Ice Form                 Ice/Tmut       42%        N/A       10%         4
 Frozen Ramparts          Ice            36%        1d6       17%         3
 Vampiric Draining        Necr           18%        2d7       17%         3
 Anguish                  Hex/Necr       16%        N/A       21%         4
 Metabolic Englaciation   Hex/Ice        16%        N/A       50%         5
 Orb of Destruction       Conj           31%        9d10      77%         7
 Summon Guardian Golem    Hex/Summ       Unusable   N/A       N/A         3
 Summon Ice Beast         Ice/Summ       Unusable   N/A       N/A         4
 Summon Cactus Giant      Summ           Unusable   N/A       N/A         6
 Spellforged Servitor     Conj/Summ      Unusable   N/A       N/A         7
 Summon Hydra             Summ           Unusable   N/A       N/A         7

Dungeon Overview and Level Annotations

Branches:
Dungeon (11/15) Zot: 1098    Lair (5/5) D:11 Zot: 358  Shoals (0/4) Lair:3
  Snake (4/4) Lair:2 Zot: 319   Slime (0/5) Lair:4          Orc (1/2) D:9 Zot: 592
Ossuary (visited)           IceCv (visited)         Volcano (visited)
 Temple: D:4-7

Altars:
Ashenzari
Cheibriados
Elyvilon
Gozag
Hepliaklqana
Kikubaaqudgha
Makhleb
Okawaru
Qazlal
Zin
The Shining One
Jiyva

Shops:
D:6 !   D:10 [=[   Snake:2 ::

Annotations:
Snake:3 Roxanne, Vashnia


Innate Abilities, Weirdness & Mutations

You passively map the area around you.
You are easily found by Zot.
You glow in the dark.
You regain HP and MP as you explore.


Message History

The naga mage points at you and mumbles some strange words.
The bolt of poison hits you but does no damage.
You resist.
The bolt of poison hits the guardian serpent.
The guardian serpent is poisoned.
The quicksilver dragon completely misses you.
You block the quicksilver dragon's attack.
The guardian serpent completely misses you.
The black mamba barely misses you. You block the naga mage's attack.
The naga mage closely misses you.
The quicksilver dragon closely misses you.
The quicksilver dragon misses you.
You hit the quicksilver dragon but do no damage.
The quicksilver dragon is lightly wounded.
You feel sick.
You block the guardian serpent's attack.
You block the black mamba's attack.
As you read the scroll of fear, it crumbles to dust.
You assume a fearsome visage.
The guardian serpent easily resists.
The black mamba looks frightened!
The guardian serpent looks frightened!
The nagaraja resists with some effort.
The quicksilver dragon resists with almost no effort.
The naga mage looks frightened!
You feel sick.
The quicksilver dragon barely misses you.
The quicksilver dragon misses you.
A salamander tyrant comes into view.
You block the quicksilver dragon's attack.
The quicksilver dragon barely misses you.
As you read the scroll of teleportation, it crumbles to dust.
You feel strangely unstable.
You feel sick.
You block the guardian serpent's attack.
The quicksilver dragon breathes dispelling energy at you.
The bolt of dispelling energy misses you.
You hear a shout!
You feel better.
You block the guardian serpent's attack.
The quicksilver dragon bites you!
* * * LOW HITPOINT WARNING * * *
The quicksilver dragon misses you. The quicksilver dragon bites you!
You die...

.# #)÷[.# #.#<.)...#...... .#
#...÷########.##)#####......
.#####..[[......S..##.#####......
.....#.............##.......#####
.....#...................#### #
.....#...................# #
.....#...................# #
.....#.........D.†.......# #
.....#####.S....@S..N....# #
.....# #########.......# # .....#
#..)N...# # .....# #.).N...## #
.....# #........## # ######
#####8...8# # ##...## # ##...## #
### #.....#*####


You could see a quicksilver dragon (catching breath), a nagaraja, a salamander
tyrant, 2 guardian serpents, a black mamba (curare, fleeing) and a naga mage
(fast, fleeing).

Vanquished Creatures
  Louise (Snake:3)
  A very ugly thing (IceCv)
  A dire elephant (Lair:5)
  Azrael (Snake:1)
  Snorg (Lair:4)
  Josephine (Lair:4)
  2 caustic shrike simulacra (IceCv)
  2 salamander tyrants
  6 hydras
  A catoblepas (Lair:3)
  Erica (Lair:2)
  4 anacondas
  2 two-headed ogres (D:11)
  A boulder beetle (Lair:2)
  3 death yaks (Lair:1)
  4 naga warriors
  5 shock serpents
  13 naga sharpshooters
  Amaemon (Lair:1)
  5 sea snakes (Snake:1)
  2 naga ritualists
  2 spriggan simulacra (IceCv)
  A bog body (IceCv)
  A lindwurm (Lair:5)
  A wizard (Volcano)
  Pikel (D:5)
  6 mana vipers
  12 salamanders
  5 cyclopes
  An oklob plant (Lair:3)
  2 guardian serpents (Snake:4)
  5 elephants (Lair:2)
  5 molten gargoyles (Volcano)
  3 gargoyles
  11 naga magi
  28 black mambas
  Maurice (D:11)
  2 torpor snails (Lair:3)
  An orange demon (Lair:1)
  8 cane toads
  3 ice devils (IceCv)
  6 freezing wraiths (IceCv)
  An efreet (Volcano)
  5 komodo dragons
  2 anaconda simulacra (IceCv)
  2 golden dragon simulacra (IceCv)
  A troll (D:9)
  A hornet (D:5)
  Grinder (D:5)
  28 blink frogs
  A snapping turtle (Lair:3)
  A shadow (D:10)
  4 wraiths (Lair:4)
  23 yaks
  A fire elemental (Snake:1)
  A wyvern (D:9)
  2 humans (D:8)
  2 basilisks (Lair:2)
  3 fire bats (Lair:3)
  7 vampire mosquitoes
  A death yak simulacrum (Lair:5)
  3 harpy simulacra (IceCv)
  29 nagas
  Edmund (D:5)
  2 acid dragons
  3 hell hounds (Snake:1)
  17 water moccasins
  2 ettin simulacra (IceCv)
  2 ice beasts (D:5)
  5 orc warriors
  2 alligator simulacra (IceCv)
  2 sky beasts
  3 ogres
  4 wolves (Lair:1)
  3 centaurs
  A phantom (D:6)
  2 kobold brigands
  14 bullfrogs
  A deep troll simulacrum (IceCv)
  A necrophage (D:7)
  3 scorpions
  5 wights (D:8)
  A killer bee (D:8)
  3 lindwurm simulacra (IceCv)
  2 electric eels (Lair:3)
  6 howler monkeys
  5 hounds
  8 orc priests
  A gnoll bouda (D:6)
  An iguana (D:6)
  9 orc wizards
  11 mummies (Ossuary)
  4 adders
  11 gnolls
  2 shadow imps
  2 white imps (D:6)
  4 worms
  2 dart slugs (D:1)
  34 orcs
  8 endoplasms
  A giant cockroach (D:1)
  8 goblins
  4 hobgoblins
  6 jackals (D:3)
  3 quokkas
  8 ball pythons
  5 bats
  3 frilled lizards
  4 gnoll skeletons (Ossuary)
  2 goblin skeletons (Ossuary)
  9 kobolds
  2 orc skeletons (Ossuary)
  9 rats
  11 rat skeletons (Ossuary)
544 creatures vanquished.

Vanquished Creatures (others)
  3 orcs (D:9)
  13 fungi
  22 plants
  5 withered plants (Lair:5)
43 creatures vanquished.

Grand Total: 587 creatures vanquished

Notes
Turn   | Place    | Note
-------+----------+-------------------------------------------
     0 | D:1      | oldriver the Meteoran Earth Elementalist began the quest
                  | for the Orb.
     0 | D:1      | Reached XP level 1. HP: 14/14 MP: 5/5
    92 | D:1      | Reached XP level 2. HP: 22/22 MP: 0/6
   237 | D:1      | Reached skill level 1 in Fighting
   237 | D:1      | Reached XP level 3. HP: 28/28 MP: 4/8
   240 | D:1      | Learned a level 2 spell: Passwall
   244 | D:1      | Learned a level 3 spell: Stone Arrow
   561 | D:2      | Reached XP level 4. HP: 34/35 MP: 6/9
   607 | D:2      | Reached skill level 1 in Conjurations
   935 | D:3      | Reached skill level 5 in Earth Magic
   935 | D:3      | Reached XP level 5. HP: 41/41 MP: 11/11
  1374 | D:4      | Reached XP level 6. HP: 45/50 MP: 13/13
  1399 | D:4      | Found a sand-covered staircase.
  1404 | Ossuary  | Entered an ossuary
  1711 | Ossuary  | Reached XP level 7. HP: 57/57 MP: 3/15
  1919 | D:4      | Identified the +9 flail of the Lurker {spect, rElec}
  2106 | D:4      | Reached skill level 5 in Spellcasting
  2131 | D:5      | Entered Level 5 of the Dungeon
  2153 | D:5      | Identified the +3 leather armour "Qerup" {Fly rCorr Int+5}
  2215 | D:5      | Noticed an acid dragon
  2217 | D:5      | Killed an acid dragon
  2222 | D:5      | Noticed Grinder
  2223 | D:5      | Paralysed by Grinder for 2 turns
  2226 | D:5      | Killed Grinder
  2227 | D:5      | Reached skill level 5 in Conjurations
  2227 | D:5      | Reached XP level 8. HP: 59/63 MP: 16/18
  2252 | D:5      | Noticed a hornet
  2256 | D:5      | Killed a hornet
  2371 | D:5      | Noticed Edmund
  2377 | D:5      | Killed Edmund
  2378 | D:5      | Reached skill level 1 in Armour
  2396 | D:5      | Gained mutation: You passively map the area around you.
                  | [Meteoran growth]
  2396 | D:5      | Reached XP level 9. HP: 67/71 MP: 2/20
  2540 | D:5      | Noticed Pikel
  2545 | D:5      | Killed Pikel
  2597 | D:6      | Reached skill level 5 in Fighting
  2597 | D:6      | Reached skill level 5 in Dodging
  2605 | D:6      | Reached skill level 5 in Armour
  2648 | D:6      | Found a glowing silver altar of Zin.
  2886 | D:6      | Found Deheb's Distillery.
  2887 | D:6      | Bought 2 potions of heal wounds for 120 gold pieces
  2887 | D:6      | Bought a potion of curing for 36 gold pieces
  2996 | D:7      | Reached XP level 10. HP: 81/81 MP: 7/21
  3212 | D:7      | Found a snail-covered altar of Cheibriados.
  4169 | D:8      | You are sucked into a shaft and drop 1 floor!
  4327 | D:8      | Found a white marble altar of Elyvilon.
  4330 | D:8      | Found a broken altar of Ashenzari.
  4336 | D:8      | Found a stormy altar of Qazlal.
  4339 | D:8      | Found an ancient bone altar of Kikubaaqudgha.
  4345 | D:8      | Found a glowing golden altar of the Shining One.
  4349 | D:8      | Found a hazy altar of Hepliaklqana.
  4353 | D:8      | Found an opulent altar of Gozag.
  4422 | D:8      | Found an iron altar of Okawaru.
  4435 | D:8      | Became a worshipper of Warmaster Okawaru
  4587 | D:9      | Noticed a cyclops
  4592 | D:9      | Killed a cyclops
  4592 | D:9      | Reached * piety under Okawaru
  4593 | D:9      | Reached skill level 10 in Earth Magic
  4651 | D:9      | Reached XP level 11. HP: 92/92 MP: 24/24
  4655 | D:9      | Found a burning altar of Makhleb.
  4828 | D:9      | Found a staircase to the Orcish Mines.
  4951 | Orc:1    | Entered Level 1 of the Orcish Mines
  4991 | D:10     | Entered Level 10 of the Dungeon
  5009 | D:10     | Reached ** piety under Okawaru
  5098 | D:10     | Learned a level 4 spell: Petrify
  5200 | D:10     | Found Siushrih's Armour Boutique.
  5250 | D:10     | Found the amulet of Elemental Vulnerability {rPois rF--
                  | rC-- AC+8}
  5298 | D:10     | Found Aguerph's Jewellery Boutique.
  5330 | D:10     | Reached *** piety under Okawaru
  5361 | D:10     | Found Rafaurch's Antique Armour Shoppe.
  5370 | D:10     | Bought a pair of runed boots for 225 gold pieces
  5530 | D:11     | Noticed a two-headed ogre
  5535 | D:11     | Killed a two-headed ogre
  5551 | D:11     | Noticed Maurice
  5555 | D:11     | Killed Maurice
  5609 | D:11     | Noticed a two-headed ogre
  5620 | D:11     | Reached **** piety under Okawaru
  5625 | D:11     | Killed a two-headed ogre
  5626 | D:11     | Reached skill level 1 in Invocations
  5813 | D:11     | Noticed a cyclops
  5814 | D:11     | Found a staircase to the Lair.
  5818 | D:11     | Killed a cyclops
  5819 | D:11     | Reached XP level 12. HP: 103/103 MP: 26/26
  5893 | Lair:1   | Entered Level 1 of the Lair of Beasts
  5925 | Lair:1   | Noticed a death yak
  5926 | Lair:1   | Noticed a death yak
  5927 | Lair:1   | Noticed a death yak
  5928 | Lair:1   | Reached ***** piety under Okawaru
  5936 | Lair:1   | Killed a death yak
  5937 | Lair:1   | Reached skill level 5 in Transmutations
  5938 | Lair:1   | Killed a death yak
  5940 | Lair:1   | Killed a death yak
  5954 | Lair:1   | Reached skill level 10 in Spellcasting
  6064 | Lair:1   | Noticed Amaemon
  6070 | Lair:1   | Killed Amaemon
  6071 | Lair:1   | Reached skill level 5 in Invocations
  6072 | Lair:1   | Received a gift from Okawaru
  6305 | Lair:2   | Noticed a six-headed hydra
  6313 | Lair:2   | Killed a six-headed hydra
  6314 | Lair:2   | Reached XP level 13. HP: 66/111 MP: 3/29
  6384 | Lair:2   | Reached skill level 5 in Maces & Flails
  6420 | Lair:2   | Noticed a boulder beetle
  6435 | Lair:2   | Killed a boulder beetle
  6499 | Lair:2   | Identified a scroll of acquirement
  6499 | Lair:2   | Acquired the +1 cloak of Hahocs {rC++ Will+ Str+6}
  6554 | Lair:2   | Found a staircase to the Snake Pit.
  6602 | Lair:2   | Noticed a four-headed hydra
  6610 | Lair:2   | Killed a four-headed hydra
  6645 | Lair:2   | Noticed Erica
  6654 | Lair:2   | Killed Erica
  6716 | Lair:2   | Noticed a five-headed hydra
  6721 | Lair:2   | Killed a five-headed hydra
  7024 | Lair:3   | Found a staircase to the Shoals.
  7123 | Lair:3   | Found a snail-covered altar of Cheibriados.
  7162 | Lair:3   | Found a dark tunnel.
  7174 | Volcano  | Entered a volcano
  7184 | Volcano  | Identified the +4 chain mail of the Desert {*Slow Int+3
                  | Dex+5 SInv} (Okawaru gifted it to you in a volcano)
  7184 | Volcano  | Received a gift from Okawaru
  7212 | Volcano  | Reached skill level 10 in Maces & Flails
  7245 | Volcano  | Noticed an orb of fire
  7271 | Volcano  | Identified the +2 whip of the Omega Point {spect, Fragile
                  | rElec rPois rCorr}
  7290 | Volcano  | Noticed an orb of fire
  7305 | Volcano  | Reached XP level 14. HP: 47/116 MP: 20/32
  7370 | Volcano  | Reached skill level 1 in Shields
  7661 | Lair:4   | Noticed Snorg
  7673 | Lair:4   | Killed Snorg
  7689 | Lair:4   | Noticed Josephine
  7696 | Lair:4   | Killed Josephine
  7838 | Lair:4   | Found a staircase to the Slime Pits.
  7851 | Lair:4   | Found a viscous altar of Jiyva.
  7877 | Lair:4   | Identified the +5 chain mail "Qiozojaq" {rPois rF+}
                  | (Okawaru gifted it to you on level 4 of the Lair of Beasts)
  7877 | Lair:4   | Received a gift from Okawaru
  8056 | Lair:4   | Reached skill level 10 in Dodging
  8128 | Lair:5   | Entered Level 5 of the Lair of Beasts
  8244 | Lair:5   | Reached skill level 5 in Shields
  8399 | Lair:5   | Noticed a dire elephant
  8399 | Lair:5   | Noticed a dire elephant
  8415 | Lair:5   | Noticed a dire elephant
  8441 | Lair:5   | Killed a dire elephant
  8540 | Lair:5   | Reached XP level 15. HP: 107/124 MP: 13/33
  8560 | Lair:5   | Reached ****** piety under Okawaru
  8781 | Snake:1  | Entered Level 1 of the Snake Pit
  8907 | Snake:1  | Reached skill level 10 in Fighting
  9063 | Snake:1  | Identified the ring of Nudi Kye {MP+9 Str+5}
  9112 | Snake:1  | Identified the +6 dire flail "Japoe" {drain, rElec rF-
                  | Str+3 Dex+5} (Okawaru gifted it to you on level 1 of the
                  | Snake Pit)
  9112 | Snake:1  | Received a gift from Okawaru
  9270 | Snake:1  | Noticed Azrael
  9285 | Snake:1  | Killed Azrael
  9333 | Snake:1  | Glimpsed the power of Zot.
  9688 | Snake:2  | Found Zayleff's Tremendous Tomes.
  9813 | Snake:2  | Reached XP level 16. HP: 125/141 MP: 2/34
  9837 | Snake:2  | Identified the +2 pair of gloves "Hanau" {rF+ Will+ Stlth+}
                  | (Okawaru gifted it to you on level 2 of the Snake Pit)
  9837 | Snake:2  | Received a gift from Okawaru
  9896 | Snake:2  | Reached skill level 10 in Armour
  9909 | Snake:2  | Found Cippel's Book Boutique.
  9916 | Snake:2  | Bought the Almanac of the Entranced Voyage for 340 gold
                  | pieces
  9921 | Snake:2  | Learned a level 4 spell: Iskenderun's Mystic Blast
  9927 | Snake:2  | Learned a level 5 spell: Yara's Violent Unravelling
  9956 | Snake:2  | Glimpsed the power of Zot.
 10019 | Snake:3  | Noticed Louise
 10033 | Snake:3  | Killed Louise
 10039 | Snake:3  | Identified the +3 mace of Jumivow {vamp, rF++ rN+ Dex+2
                  | Stlth-}
 10114 | Snake:3  | Identified the +7 dagger "Ataakew" {distort, Str+4}
 10181 | Snake:3  | Identified Roxanne's Papyrus of the Syncline
 10181 | Snake:3  | Noticed Roxanne
 10185 | Snake:3  | Noticed Vashnia
 10271 | Snake:3  | Reached skill level 1 in Hexes
 10342 | Snake:4  | Entered Level 4 of the Snake Pit
 10569 | Snake:4  | Found a frozen archway.
 10590 | IceCv    | Entered an ice cave
 10752 | IceCv    | Received a gift from Okawaru
 10824 | IceCv    | Found an ancient bone altar of Kikubaaqudgha.
 11114 | IceCv    | Glimpsed the power of Zot.
 11164 | IceCv    | Glimpsed the power of Zot.
 11214 | Snake:4  | Reached skill level 5 in Hexes
 11325 | Snake:4  | Reached XP level 17. HP: 40/149 MP: 3/35
 11433 | Snake:4  | Noticed a nagaraja
 11449 | Snake:4  | Noticed a nagaraja
 11452 | Snake:4  | Noticed a quicksilver dragon
 11453 | Snake:4  | Noticed a quicksilver dragon
 11521 | Snake:4  | Identified the +4 morningstar of Defence {vamp, Str-3 Int+4
                  | Dex+8 Stlth+} (Okawaru gifted it to you on level 4 of the
                  | Snake Pit)
 11521 | Snake:4  | Received a gift from Okawaru
 11544 | Snake:4  | HP: 2/149 [quicksilver dragon (13)]
 11544 | Snake:4  | Mangled by a quicksilver dragon

Illustrated notes

Levels and vault maps discovered:
D:1:      wheals_arrival_linesprint, layout_loops_ring
D:2:      layout_basic
D:3:      minmay_door_path, layout_loops_ring
D:4:      layout_loops_ring, nicolae_ossuary_entry_false_entrances
D:5:      layout_loops_ring, uniq_pikel, uniq_grinder, uniq_edmund
D:6:      layout_basic, zin_scriptorium, serial_shops, shop
D:7:      layout_layer_cave, cheibriados_altar_1, temple_fountains
D:8:      kennysheep_ambush_hall, layout_cave_pools,
          grunt_temple_overflow_octagram, okawaru_humans, grunt_ogre_cave,
          st_stairs_1
D:9:      layout_small_grid, bloody_makhleb, orc_0_dummy, lemuel_flamethrower_2
D:10:     layout_irregular_city, serial_shops, nicolae_take_the_stairs, shop,
          shop, minmay_orc_keep
D:11:     layout_roguey, lair_entry_dummy, uniq_maurice
Lair:1:   layout_long_grid, beast_lair_carwin_10, uniq_amaemon
Lair:2:   nzn_winding_woodlands_small [nzn_winding_woodlands_5x15_twine,
          nzn_winding_woodlands_center_triple_pond,
          nzn_winding_woodlands_5x15_pathside_ponds], layout_gridlike,
          minmay_snake_entry_guardpost_small, chequers_serial_rivers_room_b,
          uniq_erica
Lair:3:   layout_chaotic_city, minmay_shoals_entry_hut,
          nicolae_volcano_entry_batcave, kennysheep_snail_temple
Lair:4:   layout_loops_ring, slime_entry_1, infiniplex_staircase_pool_2,
          uniq_snorg, uniq_josephine
Lair:5:   due_jungle_book, layout_loops_ring, minivault_25
Snake:1:  layout_chambers, nicolae_snake_springs, uniq_azrael
Snake:2:  layout_gridlike, serial_shops, nicolae_shop_hallway_plus,
          nicolae_shop_crystal, nicolae_shop_statue_plus, shop, shop,
          st_stairs_10, nicolae_shop_i_like_big_books,
          nicolae_snake_gridmaze_spiral, chequers_hall_statues_corner_a
Snake:3:  layout_cave_town, hangedman_snake_corridor_split, grunt_megastairs_4,
          uniq_vashnia, uniq_roxanne, uniq_louise
Snake:4:  hellmonk_snake_rune_quicksilver_temple, layout_basic,
          portal_ice_cave_entry_pillars_three, serial_bayou_shore_b
Orc:1:    layout_caves

Skill      XL: |  1  2  3  4  5  6  7  8  9 10 11 12 13 14 15 16 17 |
---------------+----------------------------------------------------+-----
Earth Magic    | 4 5 6 7 8 10 11 | 11.0
Spellcasting   | 3 4 6 7 8 9 11 13 | 13.0
Fighting       | 1 2 3 5 7 8 9 12 13 | 13.1
Conjurations   | 1 2 3 5 6 7 9 |  9.0
Armour         | 2 5 7 9 11 | 11.0
Dodging        | 3 5 7 9 11 12 13 | 13.0
Transmutations | 4 5 7 8 |  8.6
Invocations    | 2 7 |  7.0
Maces & Flails | 3 11 12 | 12.0
Shields        | 6 9 |  9.7
Hexes          | 5 |  5.0
Stealth        | |  1.4

Action                     |  1- 3 |  4- 6 |  7- 9 | 10-12 | 13-15 | 16-18 || total
---------------------------+-------+-------+-------+-------+-------+-------++-------
  Melee: Unarmed           |     2 |       |       |       |       |       ||     2
         Flail             |       |       |    10 |    39 |    21 |       ||    70
         Punch             |       |       |       |     1 |       |       ||     1
         Whip              |       |       |       |       |   261 |   199 ||   460
   Cast: Sandblast         |    47 |    74 |     1 |       |       |       ||   122
         Stone Arrow       |       |    21 |    94 |   201 |   496 |   286 ||  1098
         Passwall          |       |       |     4 |    23 |    17 |    12 ||    56
 Invoke: Heroism           |       |       |       |     2 |     9 |    12 ||    23
         Finesse           |       |       |       |       |       |     1 ||     1
  Evoke: Wand              |       |       |       |     1 |     3 |     5 ||     9
    Use: Scroll            |       |     3 |    11 |    15 |     5 |     6 ||    40
         Potion            |       |       |       |       |    11 |    13 ||    24
   Stab: Distracted        |       |       |       |       |     4 |    10 ||    14
 Armour: Robe              |     5 |    16 |     2 |       |       |       ||    23
         Leather armour    |       |       |    12 |   116 |   225 |   165 ||   518
  Dodge: Dodged            |    14 |    20 |    16 |   156 |   339 |   236 ||   781
  Block: Buckler           |       |       |       |       |   118 |     2 ||   120
         Kite shield       |       |       |       |       |       |   237 ||   237

Table legend: (Time is in decaauts)
 A = Elapsed time spent in this place.
 B = Non-inter-level travel time spent in this place.
 C = Inter-level travel time spent in this place.
 D = Time resting spent in this place.
 E = Time spent auto-exploring this place.
 F = Levels seen in this place.
 G = Mean time per level.
                   A        B        C        D        E       F      G
               +--------+--------+--------+--------+--------+-----+--------+
         Total |  11451 |  10721 |    730 |    319 |     58 |  24 |  477.1 |
       Dungeon |   5501 |   4959 |    542 |      2 |      0 |  11 |  500.1 |
          Lair |   2641 |   2483 |    158 |      0 |     58 |   5 |  528.2 |
     Snake Pit |   2079 |   2050 |     29 |     16 |      0 |   4 |  519.8 |
  Orcish Mines |      7 |      7 |      0 |      0 |      0 |   1 |    7.0 |
       Ossuary |    452 |    452 |      0 |    170 |      0 |   1 |  452.0 |
      Ice Cave |    551 |    551 |      0 |    131 |      0 |   1 |  551.0 |
       Volcano |    216 |    216 |      0 |      0 |      0 |   1 |  216.0 |
               +--------+--------+--------+--------+--------+-----+--------+

Top non-repeatable levels by time:
     D:6: 627 daAuts
 Snake:1: 625 daAuts
  Lair:2: 609 daAuts
 Snake:4: 594 daAuts
     D:7: 594 daAuts
  Lair:3: 570 daAuts
     D:3: 567 daAuts
     D:5: 559 daAuts
   IceCv: 551 daAuts
  Lair:4: 550 daAuts
    D:10: 537 daAuts
  Lair:5: 510 daAuts
 Snake:2: 509 daAuts
     D:2: 475 daAuts
     D:1: 463 daAuts
